 Dungeon Crawl Stone Soup version 0.20.1-1-g8b1a95d (webtiles) character file.

7413 eldrinthefalty the Cleaver (level 10, -15/101 HPs)
             Began as a Deep Dwarf Fighter on Sept 20, 2017.
             Was a Believer of Qazlal.
             Killed from afar by Erolcha (48 damage)
             ... with a crystal spear
             ... on level 10 of the Dungeon.
             The game lasted 01:03:23 (8182 turns).

eldrinthefalty the Cleaver (Deep Dwarf Fighter)     Turns: 8182, Time: 01:03:24

Health: -15/101    AC: 17    Str: 20    XL:     10   Next: 92%
Magic:  6/9        EV:  7    Int: 10    God:    Qazlal [**....]
Gold:   470        SH: 20    Dex: 20    Spells: 13/13 levels left

rFire    + + .     SeeInvis .   a - +0 war axe
rCold    . . .     Gourm    .   c - +1 shield
rNeg     + . .     Faith    .   C - +2 plate armour
rPois    .         Spirit   .   (no helmet)
rElec    .         Reflect  .   (no cloak)
rCorr    .         Harm     .   v - +1 pair of gloves
MR       +....                  (no boots)
Stlth    ..........             (no amulet)
Regen    0.0/turn               F - ring "Kautud" {rF+ Dex+6}
MPRegen  0.2/turn               s - ring of positive energy

@: non-regenerating, slowed, very slow
A: damage resistance, heal wounds, large bone plates 1, fire resistance 1, sense
surroundings 2, robust 1, subdued magic 1, no regeneration
a: Heal Wounds, Upheaval, Renounce Religion


You were on level 10 of the Dungeon.
You worshipped Qazlal.
Qazlal was pleased with you.
You were not hungry.

You visited 2 branches of the dungeon, and saw 11 of its levels.
You also visited: Sewer.

You collected 470 gold pieces.

Inventory:

Hand Weapons
 a - a +0 war axe (weapon)
 e - a +0 halberd of flaming
 k - a +0 broad axe
 w - a +0 morningstar
Armour
 b - a +0 scale mail
 c - a +1 shield (worn)
 r - a +0 pair of gloves
 v - a +1 pair of gloves (worn)
 C - a +2 plate armour (worn)
Jewellery
 l - an uncursed ring of protection from fire
 s - a ring of positive energy (right hand)
 z - an uncursed ring of ice {unknown}
 F - the ring "Kautud" (left hand) {rF+ Dex+6}
   (You found it on level 9 of the Dungeon)

   [ring of protection from fire]

   It affects your dexterity (+6).
   It protects you from fire.
Wands
 q - a wand of polymorph (13/24)
 x - a wand of polymorph (7/24)
 y - a wand of clouds (0/9)
 B - a wand of lightning (5/15)
Scrolls
 d - 2 scrolls of blinking
 h - 2 scrolls of teleportation
 n - 8 scrolls of remove curse
 o - 2 scrolls of magic mapping
 t - a scroll of fear
Potions
 i - a potion of brilliance
 j - 2 potions of curing
 m - a potion of invisibility
 p - 3 potions of haste
 A - a potion of agility
Comestibles
 f - 4 bread rations
 g - 2 meat rations
 u - 2 royal jellies


   Skills:
 + Level 6.3 Fighting
 + Level 11.6(11.7) Axes
 + Level 1.3(7.0) Maces & Flails
 + Level 6.9 Armour
 + Level 4.3 Dodging
 + Level 2.6 Stealth
 + Level 9.2 Shields
 * Level 2.4 Spellcasting
 + Level 2.2 Invocations


You had 13 spell levels left.
You didn't know any spells.

Dungeon Overview and Level Annotations

Branches:
Dungeon (10/15)            Temple (1/1) D:4            Lair (0/6) D:10
    Orc: D:9-12

Altars:
Ashenzari
Dithmenos
Elyvilon
Fedhas
Gozag
Hepliaklqana
Kikubaaqudgha
Makhleb
Nemelex Xobeh
Qazlal
Sif Muna
Trog
Uskayaw
Xom
Yredelemnul
Zin
The Shining One

Annotations:
D:10 Erolcha


Innate Abilities, Weirdness & Mutations

You are resistant to damage.
You can heal yourself by infusing magical energy.
You passively map the area around you.
You do not regenerate.
You are partially covered in large bone plates. (SH +4)
Your flesh is heat resistant. (rF+)
You are robust. (+10% HP)
Your spells are a little easier to cast, but a little less powerful.


Message History

Erolcha is severely wounded.
You block Erolcha's attack.
You feel much better. Erolcha casts a spell at you.
You resist with almost no effort.
Erolcha hits you with an enchanted giant club!!
* * * LOW HITPOINT WARNING * * *
You feel much better. You block Erolcha's attack.
You hit Erolcha.
Erolcha is severely wounded.
You block Erolcha's attack.
You hit Erolcha but do no damage.
Erolcha is severely wounded.
Erolcha screams, "Erolcha kill you!" You block Erolcha's attack.
You hit Erolcha but do no damage.
Erolcha is severely wounded.
Erolcha points at you and mumbles some strange words.
The crystal spear hits you!
You die...

, * , , , , ...## ,
,,* *, ,......#*, ,,*
, * .....#* ,,
,,.....# , , ,,
######....### , *
#...........# ,
#...........# ,, ,
#...@O......# ,,,
#..ยง........# ., ,
#...##......#.. **
#...#.......... , ,
#...#..........
#...#..........
#####...#############
#....................
#....................


You could see Erolcha.

Vanquished Creatures
  A death yak (D:10)
  The ghost of Sharkman1231 the Carver, a novice DsWn of Fedhas (D:9)
  2 polar bears (D:10)
  A hippogriff (D:10)
  6 yaks (D:9)
  2 basilisks (D:10)
  Menkaure (D:5)
  Purgy (Sewer)
  3 orc warriors
  2 ice beasts
  A sky beast (D:6)
  2 phantoms
  A black bear (D:10)
  5 ogres
  3 wolves (D:10)
  3 centaurs
  A bullfrog (D:6)
  3 scorpions
  6 killer bees
  A vampire bat (D:5)
  A howler monkey (D:4)
  6 crimson imps
  A quasit (D:7)
  A hound (D:9)
  4 gnoll shamans
  3 orc priests
  A centaur zombie (D:6)
  3 orc wizards
  2 centaur skeletons
  4 iguanas
  14 worker ants
  2 worker ant zombies
  48 gnolls
  14 adders
  A river rat (D:3)
  A shadow imp (D:7)
  A white imp (D:10)
  An ufetubus (D:10)
  2 adder skeletons
  3 worms
  A dart slug (D:1)
  12 leopard geckos
  26 orcs
  2 ball pythons
  9 bats
  3 bat skeletons (D:5)
  3 bat zombies (D:5)
  10 giant cockroaches
  2 goblins (D:3)
  9 hobgoblins
  24 jackals
  6 quokkas
  8 frilled lizards
  A jackal skeleton (D:4)
  8 kobolds
  2 leopard gecko skeletons (D:4)
  7 rats
292 creatures vanquished.

Notes
Turn   | Place    | Note
-------+----------+-------------------------------------------
     0 | D:1      | eldrinthefalty the Deep Dwarf Fighter began the quest for the Orb.
     0 | D:1      | Reached XP level 1. HP: 20/20 MP: 1/1
   276 | D:1      | Reached XP level 2. HP: 27/27 MP: 2/2
   914 | D:2      | Reached XP level 3. HP: 26/33 MP: 3/3
   947 | D:2      | Reached skill level 3 in Axes
  1339 | D:2      | Reached XP level 4. HP: 20/42 MP: 4/4
  1784 | D:3      | Reached skill level 4 in Axes
  1796 | D:3      | Found a glowing drain.
  1800 | Sewer    | Entered a sewer
  1853 | Sewer    | Noticed Purgy
  1864 | Sewer    | Killed Purgy
  1864 | Sewer    | Reached skill level 1 in Dodging
  1864 | Sewer    | Reached XP level 5. HP: 26/49 MP: 5/5
  2093 | D:3      | Found a burning altar of Makhleb.
  2455 | D:3      | Reached XP level 6. HP: 38/56 MP: 6/6
  2650 | D:3      | Reached skill level 5 in Axes
  2893 | D:3      | Reached skill level 1 in Stealth
  3008 | D:3      | Reached XP level 7. HP: 36/63 MP: 6/6
  3097 | D:3      | Reached skill level 6 in Axes
  3168 | D:3      | Gained mutation: You are weak. (Str -2) [potion of mutation]
  3168 | D:3      | Gained mutation: You have an increased reservoir of magic. (+10% MP) [potion of mutation]
  3179 | D:3      | Reached skill level 5 in Shields
  3634 | D:4      | Found a staircase to the Ecumenical Temple.
  3683 | Temple   | Entered the Ecumenical Temple
  3782 | Temple   | Became a worshipper of Qazlal Stormbringer
  3861 | D:4      | Reached skill level 7 in Axes
  3951 | D:4      | Reached skill level 5 in Armour
  3951 | D:4      | Reached XP level 8. HP: 59/72 MP: 7/7
  4294 | D:5      | Entered Level 5 of the Dungeon
  4348 | D:5      | Found a glowing golden altar of the Shining One.
  4413 | D:5      | Lost mutation: You are weak. (Str -2) [potion of mutation]
  4413 | D:5      | Lost mutation: You have an increased reservoir of magic. (+10% MP) [potion of mutation]
  4413 | D:5      | Gained mutation: Your spells are a little easier to cast, but a little less powerful. [potion of mutation]
  4413 | D:5      | Gained mutation: Your flesh is heat resistant. (rF+) [potion of mutation]
  4413 | D:5      | Gained mutation: You are robust. (+10% HP) [potion of mutation]
  4413 | D:5      | Gained mutation: You are partially covered in large bone plates. (SH +4) [potion of mutation]
  4446 | D:5      | Noticed Menkaure
  4460 | D:5      | Killed Menkaure
  4460 | D:5      | Reached * piety under Qazlal
  4460 | D:5      | Reached skill level 8 in Axes
  4808 | D:5      | Found a blossoming altar of Fedhas.
  5411 | D:5      | Found an ancient bone altar of Kikubaaqudgha.
  5507 | D:6      | Reached skill level 9 in Axes
  5507 | D:6      | Gained mutation: You passively map the area around you. [Deep Dwarf growth]
  5507 | D:6      | Reached XP level 9. HP: 64/86 MP: 7/7
  5720 | D:6      | Found a bloodstained altar of Trog.
  5748 | D:6      | Reached skill level 5 in Fighting
  5861 | D:6      | Found a sparkling altar of Nemelex Xobeh.
  6119 | D:7      | Reached ** piety under Qazlal
  6119 | D:7      | Reached skill level 1 in Maces & Flails
  6363 | D:7      | Found a hazy altar of Hepliaklqana.
  6365 | D:7      | Got a transparent falchion
  6366 | D:7      | Identified the +0 falchion "Piostresh" {vamp, MR+ Str-3 Stlth+} (You found it on level 7 of the Dungeon)
  6601 | D:7      | Found a deep blue altar of Sif Muna.
  6989 | D:9      | Noticed Sharkman1231's ghost (novice DsWn)
  7033 | D:9      | Reached skill level 10 in Axes
  7045 | D:9      | Killed Sharkman1231's ghost
  7045 | D:9      | Reached skill level 1 in Invocations
  7054 | D:9      | Reached XP level 10. HP: 25/99 MP: 4/7
  7208 | D:9      | Reached skill level 1 in Spellcasting
  7369 | D:9      | Got a shimmering wooden ring
  7569 | D:9      | Identified the ring "Kautud" {rF+ Dex+6} (You found it on level 9 of the Dungeon)
  7836 | D:10     | Entered Level 10 of the Dungeon
  7866 | D:10     | Reached skill level 11 in Axes
  7892 | D:10     | Found a staircase to the Lair.
  7892 | D:10     | Noticed a death yak
  7913 | D:10     | Killed a death yak
  8152 | D:10     | Noticed Erolcha
  8178 | D:10     | HP: 5/101 [Erolcha/enchanted giant club (25)]
  8182 | D:10     | Killed from afar by Erolcha

Skill      XL: |  1  2  3  4  5  6  7  8  9 10 |
---------------+-------------------------------+-----
Axes           | 3 4 5 7 9 10 11 | 11.6
Fighting       | 3 4 5 6 |  6.3
Shields        | 4 5 6 8 9 |  9.2
Dodging        | 1 2 3 4 |  4.3
Armour         | 4 5 6 |  6.9
Stealth        | 1 2 |  2.6
Maces & Flails | 1 |  1.3
Invocations    | 1 2 |  2.2
Spellcasting   | 2 |  2.4

Action                   |  1- 3 |  4- 6 |  7- 9 | 10-12 || total
-------------------------+-------+-------+-------+-------++-------
Melee: War axe           |   133 |   279 |   546 |   210 ||  1168
       Morningstar       |       |       |    51 |       ||    51
Invok: Upheaval          |       |       |     2 |     6 ||     8
 Abil: Heal Wounds       |     1 |     5 |    15 |     7 ||    28
Evoke: Wand              |       |       |       |     5 ||     5
  Use: Scroll            |     5 |     4 |    10 |     6 ||    25
       Potion            |     1 |     3 |     5 |       ||     9
 Stab: Confused          |       |       |       |     4 ||     4
  Eat: Royal jelly       |     1 |       |       |       ||     1
       Meat ration       |       |     1 |     3 |     1 ||     5
       Chunk             |       |       |     1 |       ||     1
Armor: Scale mail        |    62 |   123 |   165 |       ||   350
       Plate armour      |       |       |       |    56 ||    56
Dodge: Dodged            |    38 |   119 |   189 |    27 ||   373
Block: Shield            |    67 |   171 |   538 |   184 ||   960
